 Dungeon Crawl Stone Soup version 0.28.0-53-g5a82cb258f (webtiles) character file.

Game seed: 17447943359874097242

348 Descartes the Ducker (level 6, -5/29 HPs)
             Began as a Felid Monk on June 29, 2022.
             Slain by a bullfrog (7 damage)
             ... on level 4 of the Dungeon.
             The game lasted 00:09:05 (3276 turns).

Descartes the Ducker (Felid Monk)                   Turns: 3276, Time: 00:09:06

Health: -5/29      AC:  2    Str:  7 (9)  XL:     6   Next: 33%
Magic:  7/7        EV: 36    Int: 11 (12) God:
Gold:   133        SH:  0    Dex: 22 (24) Spells: 3/5 levels left
                                        Lives:  0   Deaths: 1

rFire   . . .      SeeInvis +     - Unarmed
rCold   . . .      Faith    .   (shield unavailable)
rNeg    . . .      Spirit   .   (armour unavailable)
rPois   .          Reflect  .   (helmet unavailable)
rElec   .          Harm     .   (cloak unavailable)
rCorr   .          Rampage  .   (gloves unavailable)
Will    .....                   (boots unavailable)
Stlth   +++.......              a - amulet of the acrobat
HPRegen 0.09/turn               e - +6 ring of dexterity
MPRegen 0.10/turn               (no ring)

@: acrobatic, flying, quick
A: very small, claws 1, fangs 3, see invisible, speed 1, shaggy fur 2, stealthy
paws, no weapons or thrown items, no armour, multi-lived
a: no special abilities


You were on level 4 of the Dungeon.
You visited 1 branch of the dungeon, and saw 4 of its levels.

You collected 133 gold pieces.

Inventory:

Jewellery
 a - an amulet of the acrobat (around neck)
 e - a +6 ring of dexterity (left paw)
Wands
 f - a wand of iceblast (6)
 h - a wand of polymorph (8)
Scrolls
 b - 2 scrolls of fear
 g - a scroll of teleportation
 j - a scroll of identify


   Skills:
 + Level 4.3 Fighting
 + Level 5.8 Dodging
 + Level 5.1 Stealth
 + Level 4.3 Unarmed Combat
 + Level 3.3 Translocations


You had 3 spell levels left.
You knew the following spells:

 Your Spells              Type           Power      Damage    Failure   Level
a - Blink                 Tloc           14%        N/A       14%         2

Your spell library contained the following spells:

 Spells                   Type           Power      Damage    Failure   Level
 Ensorcelled Hibernation  Hex/Ice        0%         N/A       47%         2
 Passwall                 Tmut/Erth      0%         N/A       47%         2
 Static Discharge         Conj/Air       0%         N/A       47%         2
 Swiftness                Air            0%         N/A       71%         3
 Manifold Assault         Tloc           7%         N/A       94%         5
 Lightning Bolt           Conj/Air       0%         1d11      100%        5
 Storm Form               Tmut/Air       0%         N/A       100%        7
 Maxwell's Capacitive Co  Air            0%         ∞         100%        8


Dungeon Overview and Level Annotations

Branches:
Dungeon (4/15)             Temple (0/1) D:4

Altars:
Gozag
Nemelex Xobeh
Wu Jian
Yredelemnul

Shops:
D:1 !   D:3 :

Annotations:
D:4 Eustachio


Innate Abilities, Weirdness & Mutations

You have sharp claws.
You have razor-sharp teeth.
You have supernaturally acute eyesight. (SInv)
You cover ground quickly. (Speed+)
You are covered in thick fur. (AC +2)
Your paws help you pounce on unaware monsters.
You are incapable of wielding weapons or throwing items.
You cannot wear armour.
You gain extra lives every three experience levels.


Message History

The bullfrog is moderately wounded.
The bullfrog misses you. The bullfrog completely misses you.
You barely miss the bullfrog.
The bullfrog is moderately wounded.
The bullfrog hits you.
* * * LOW HITPOINT WARNING * * *
You closely miss the bullfrog.
The bullfrog is moderately wounded.
The bullfrog closely misses you.
The bullfrog hits you but does no damage.
You scratch the bullfrog but do no damage.
Your bite misses the bullfrog.
The bullfrog is moderately wounded.
The bullfrog misses you.
It was a potion of degeneration.
There was something very wrong with that liquid.
You feel weakened.
You feel dopey.
You feel clumsy. The bullfrog completely misses you.
It was a potion of flight.
You feel very buoyant.
You fly up into the air.
The bullfrog hits you.
* * * LOW HITPOINT WARNING * * *
The bullfrog misses you.
It was a potion of curing.
You feel better. The bullfrog hits you.
* * * LOW HITPOINT WARNING * * *
A goblin comes into view. It is wielding a +0 dagger.
The goblin shouts!
You scratch the bullfrog.
The bullfrog is moderately wounded.
The bullfrog hits you.
* * * LOW HITPOINT WARNING * * *
The bullfrog misses you.
An adder comes into view.
The bullfrog closely misses you.
The adder hisses angrily.
The bullfrog completely misses you. The bullfrog completely misses you.
A rat comes into view.
The bullfrog hits you!
You die...

#r≈ #≈≈ #.. #.#
#.# #.# #.# #@#
#F#
#.#########.##..
#.S.S......>)..#
######.####....###
#.# #.(... . #S#
##...# .. #.#
#...###.#
#g###.##.#.#


You could see a bullfrog, an adder and a rat (asleep).

Vanquished Creatures
  A lemure (D:4)
  Blork the orc (D:4)
  A hound (D:4)
  A scorpion zombie (D:4)
  Natasha (thrice) (D:3)
  An iguana (D:4)
  3 adders
  6 dart slugs
  10 endoplasms
  3 giant cockroaches (D:2)
  6 goblins
  9 hobgoblins
  3 jackals (D:1)
  7 kobolds
  A quokka (D:1)
  7 ball pythons
  4 bats
  7 frilled lizards
  A quokka zombie (D:4)
  6 rats
  A butterfly (D:4)
82 creatures vanquished.

Notes
Turn   | Place    | Note
-------+----------+-------------------------------------------
     0 | D:1      | Descartes the Felid Monk began the quest for the Orb.
     0 | D:1      | Reached XP level 1. HP: 10/10 MP: 2/2
    48 | D:1      | Reached XP level 2. HP: 14/14 MP: 3/3
   796 | D:1      | Reached XP level 3. HP: 17/17 MP: 4/4
   905 | D:1      | Found Kufix's Distillery.
  1349 | D:2      | Learned a level 2 spell: Blink
  1802 | D:2      | Reached XP level 4. HP: 21/21 MP: 5/5
  2080 | D:3      | Reached skill level 1 in Translocations
  2099 | D:3      | Found a faded altar of an unknown god.
  2155 | D:3      | Noticed Natasha
  2162 | D:3      | Killed Natasha
  2163 | D:3      | Reached skill level 5 in Dodging
  2242 | D:3      | Found Ucwiss's Book Shoppe.
  2275 | D:3      | Noticed Natasha
  2309 | D:3      | Killed from afar by Natasha
  2310 | D:3      | Reached XP level 3. HP: -1/18 MP: 4/4
  2341 | D:3      | Killed Natasha
  2342 | D:3      | Reached XP level 4. HP: 22/22 MP: 5/5
  2373 | D:3      | Noticed Natasha
  2384 | D:3      | Killed Natasha
  2703 | D:4      | Noticed Eustachio
  2735 | D:4      | Reached XP level 5. HP: 25/25 MP: 6/6
  2759 | D:4      | Found an ornate altar of the Wu Jian Council.
  2819 | D:4      | Noticed Grinder
  2824 | D:4      | Noticed Grinder
  2824 | D:4      | Grinder changed into Grinder the lemure
  2839 | D:4      | Killed Grinder the lemure
  2843 | D:4      | Found a staircase to the Ecumenical Temple.
  2885 | D:4      | Noticed Blork the orc
  2899 | D:4      | Killed Blork the orc
  2900 | D:4      | Reached skill level 5 in Stealth
  2900 | D:4      | Gained mutation: You are covered in thick fur. (AC +2)
                  | [Felid growth]
  2900 | D:4      | Reached XP level 6. HP: 19/28 MP: 7/7
  2973 | D:4      | Found a sparkling altar of Nemelex Xobeh.
  2974 | D:4      | Found an opulent altar of Gozag.
  3045 | D:4      | Found a basalt altar of Yredelemnul.
  3255 | D:4      | HP: 1/29 [bullfrog (5)]
  3276 | D:4      | Slain by a bullfrog

Illustrated notes

Levels and vault maps discovered:
D:1:      onia_arrival_pyramid, layout_loops_ring, serial_shops, shop,
          hangedman_abyss_or_decor_lesser_grid
D:2:      layout_rooms
D:3:      layout_rooms, ebering_ecumenical_altar_petrified, serial_shops,
          nicolae_shop_crystal, uniq_natasha
D:4:      layout_loops_corners, grunt_temple_overflow_opulence,
          nicolae_wu_jian_wuxing_cycle, nicolae_yredelemnul_corpse_copse,
          minmay_temple_entry_butterflies, portal_sewer_entry_e,
          uniq_blork_the_orc, uniq_grinder, uniq_eustachio

Skill      XL: |  1  2  3  4  5 |
---------------+----------------+-----
Stealth        | 3 4 5 |  5.1
Translocations | 2 3 |  3.3
Dodging        | 5 |  5.8
Fighting       | 4 |  4.3
Unarmed Combat | 4 |  4.3

Action                   |  1- 3 |  4- 6 || total
-------------------------+-------+-------++-------
Melee: Unarmed           |   146 |   112 ||   258
       Bite              |     8 |     8 ||    16
       Punch             |     1 |     5 ||     6
Evoke: Wand              |       |     2 ||     2
  Use: Scroll            |       |     3 ||     3
       Potion            |       |     3 ||     3
 Stab: Sleeping          |    14 |    12 ||    26
Armor: Skin              |     8 |     2 ||    10
Dodge: Dodged            |   134 |    84 ||   218
